 Dungeon Crawl Stone Soup version 0.29-a0-90-gc37658a0fe (webtiles) character file.

Game seed: 11330249657861018913

1542 lordive the Shield-Bearer (level 8, -5/67 HPs)
             Began as a Gnoll Fighter on Feb 7, 2022.
             Was a Follower of Okawaru.
             Slain by an ogre (14 damage)
             ... on level 6 of the Dungeon.
             The game lasted 00:07:59 (6456 turns).

lordive the Shield-Bearer (Gnoll Fighter)           Turns: 6456, Time: 00:07:59

Health: -5/67      AC: 10    Str: 16    XL:     8   Next: 87%
Magic:  13/13      EV:  9    Int: 10    God:    Okawaru [*.....]
Gold:   230        SH: 11    Dex: 11    Spells: 14/14 levels left

rFire   . . .      SeeInvis .   I - +4 war axe
rCold   . . .      Faith    .   C - +1 kite shield
rNeg    . . .      Spirit   .   b - +0 scale mail
rPois   .          Reflect  .   (no helmet)
rElec   .          Harm     .   (no cloak)
rCorr   .          Rampage  .   v - +0 pair of gloves
Will    .....                   a - +0 pair of boots
Stlth   +.........              (no amulet)
HPRegen 0.21/turn               (no ring)
MPRegen 0.13/turn               (no ring)

@: no status effects
A: fangs 1, strong nose, distributed training
a: Renounce Religion, Heroism


You were on level 6 of the Dungeon.
You worshipped Okawaru.
Okawaru was aware of your devotion.
You visited 2 branches of the dungeon, and saw 7 of its levels.

You collected 240 gold pieces.
You spent 10 gold pieces at shops.

Inventory:

Hand Weapons
 u - a +2 dagger of speed
 y - a +1 trident of venom
 H - a +2 long sword
 I - a +4 war axe (weapon)
Missiles
 f - 30 bolts
 q - 11 poisoned darts (quivered)
 t - 3 boomerangs
Armour
 a - a +0 pair of boots (worn)
 b - a +0 scale mail (worn)
 c - a +0 buckler
 v - a +0 pair of gloves (worn)
 B - an orb of wrath
 C - a +1 kite shield (worn)
Jewellery
 o - a ring of protection from cold
Wands
 D - a wand of mindburst (7)
Scrolls
 e - 6 scrolls of enchant armour
 i - 4 scrolls of teleportation
 k - a scroll of fog {unknown}
 n - 3 scrolls of vulnerability {unknown}
 p - 4 scrolls of enchant weapon {unknown}
 s - 2 scrolls of silence {unknown}
 x - a scroll of noise {unknown}
 G - a scroll of magic mapping {unknown}
Potions
 d - 3 potions of might
 g - a potion of berserk rage
 h - a potion of curing
 j - a potion of invisibility
 m - a potion of cancellation
 r - a potion of brilliance {unknown}
 w - 2 potions of flight {unknown}
 z - a potion of heal wounds {unknown}
 A - 2 potions of attraction {unknown}
 E - a potion of haste {unknown}


   Skills:
 + Level 7.5 Fighting
 + Level 3.6 Short Blades
 + Level 5.9 Long Blades
 + Level 3.6 Axes
 + Level 3.6 Maces & Flails
 + Level 3.6 Polearms
 + Level 3.6 Staves
 + Level 3.6 Slings
 + Level 3.6 Bows
 + Level 3.6 Crossbows
 + Level 3.6 Throwing
 + Level 7.5 Armour
 + Level 3.6 Dodging
 + Level 3.6 Stealth
 + Level 7.5 Shields
 + Level 3.6 Unarmed Combat
 + Level 3.6 Spellcasting
 + Level 3.0 Conjurations
 + Level 3.0 Hexes
 + Level 3.0 Summonings
 + Level 3.0 Necromancy
 + Level 3.0 Translocations
 + Level 3.0 Transmutations
 + Level 3.0 Fire Magic
 + Level 3.0 Ice Magic
 + Level 3.0 Air Magic
 + Level 3.0 Earth Magic
 + Level 3.0 Poison Magic
 + Level 4.0 Invocations
 + Level 3.6 Evocations


You had 14 spell levels left.
You didn't know any spells.
Your spell library was empty.

Dungeon Overview and Level Annotations

Branches:
Dungeon (6/15)             Temple (1/1) D:4

Altars:
Ashenzari
Cheibriados
Dithmenos
Elyvilon
Fedhas
Gozag
Hepliaklqana
Kikubaaqudgha
Makhleb
Nemelex Xobeh
Okawaru
Qazlal
Ru
Sif Muna
Trog
Uskayaw
Wu Jian
Xom
Yredelemnul
Zin
The Shining One

Shops:
D:4 !=*


Innate Abilities, Weirdness & Mutations

You have very sharp teeth.
Your uncanny sense of smell can sniff out nearby items.
Your experience applies equally to all skills.


Message History

The gnoll closely misses you. x2
You completely miss the gnoll.
The gnoll is severely wounded.
You block the gnoll's attack.
You barely miss the gnoll.
The gnoll is severely wounded.
The gnoll barely misses you. The gnoll closely misses you.
You barely miss the gnoll. Your bite misses the gnoll.
The gnoll is severely wounded.
You block the gnoll's attack.
You slash the gnoll!
You kill the gnoll!
Okawaru accepts your kill.
Things that are here:
a +0 whip; a +2 dagger of venom; a gnoll corpse
There is a stone staircase leading down here.
You start waiting.
Done waiting.
You climb downwards.
You block the ogre's attack. The ogre hits you with a +0 giant club!
There is a stone staircase leading up, spattered with blood here.
You hit the ogre but do no damage. The ogre hits you with a +0 giant club!
You hit the ogre. You bite the ogre, but do no damage.
The ogre is moderately wounded.
The ogre barely misses you.
You hit the ogre.
The ogre is moderately wounded.
The ogre hits you with a +0 giant club!!
* * * LOW HITPOINT WARNING * * *
You barely miss the ogre.
The ogre is moderately wounded.
You block the ogre's attack.
You hit the ogre. Your bite misses the ogre.
The ogre is heavily wounded.
The ogre hits you with a +0 giant club.
* * * LOW HITPOINT WARNING * * *
You slash the ogre! You bite the ogre, but do no damage.
The ogre is almost dead.
The ogre hits you with a +0 giant club!
You die...

#.....#. ∆#)#.#∆ ∆
#.......###O)g#
#....# #..)#.#...#
#...###.#.#!# .#
#....##...###...
∆#...O.g..........
#g#.##.##...###.#
#O#....##...#
#@#.#####...#
###.. ..>.# ..#
##..# ∆ #.# ..#
#.# ..# #.#


You could see an ogre and a gnoll.

Vanquished Creatures
  A shadow (D:5)
  Menkaure (D:4)
  A necrophage (D:5)
  2 ice beasts (D:5)
  2 ogres
  A scorpion (D:4)
  4 wights
  2 bullfrog zombies
  2 gnoll shamans (D:6)
  An orc priest (D:5)
  4 hounds
  Ijyb (D:3)
  4 orc wizards
  3 gnolls
  2 howler monkey skeletons
  5 adders
  A white imp (D:5)
  2 worms (D:5)
  10 orcs
  10 endoplasms
  3 giant cockroaches
  6 goblins
  2 hobgoblins (D:4)
  10 jackals
  4 kobolds
  A quokka (D:2)
  12 ball pythons
  4 bats
  5 frilled lizards
  2 rats (D:2)
108 creatures vanquished.

Notes
Turn   | Place    | Note
-------+----------+-------------------------------------------
     0 | D:1      | lordive the Gnoll Fighter began the quest for the Orb.
     0 | D:1      | Reached XP level 1. HP: 23/23 MP: 1/1
   281 | D:1      | Reached XP level 2. HP: 22/29 MP: 2/2
  1002 | D:1      | Found a faded altar of an unknown god.
  1160 | D:1      | Reached XP level 3. HP: 35/35 MP: 3/3
  1287 | D:2      | Reached skill level 1 in Invocations
  1586 | D:2      | Reached skill level 1 in Short Blades
  1586 | D:2      | Reached skill level 1 in Axes
  1586 | D:2      | Reached skill level 1 in Maces & Flails
  1586 | D:2      | Reached skill level 1 in Polearms
  1586 | D:2      | Reached skill level 1 in Staves
  1586 | D:2      | Reached skill level 1 in Slings
  1586 | D:2      | Reached skill level 1 in Bows
  1586 | D:2      | Reached skill level 1 in Crossbows
  1586 | D:2      | Reached skill level 1 in Throwing
  1586 | D:2      | Reached skill level 1 in Dodging
  1586 | D:2      | Reached skill level 1 in Stealth
  1586 | D:2      | Reached skill level 1 in Unarmed Combat
  1586 | D:2      | Reached skill level 1 in Spellcasting
  1586 | D:2      | Reached skill level 1 in Evocations
  1748 | D:3      | Reached XP level 4. HP: 41/41 MP: 5/5
  1764 | D:3      | Reached skill level 1 in Conjurations
  1764 | D:3      | Reached skill level 1 in Hexes
  1764 | D:3      | Reached skill level 1 in Summonings
  1764 | D:3      | Reached skill level 1 in Necromancy
  1764 | D:3      | Reached skill level 1 in Translocations
  1764 | D:3      | Reached skill level 1 in Transmutations
  1764 | D:3      | Reached skill level 1 in Fire Magic
  1764 | D:3      | Reached skill level 1 in Ice Magic
  1764 | D:3      | Reached skill level 1 in Air Magic
  1764 | D:3      | Reached skill level 1 in Earth Magic
  1764 | D:3      | Reached skill level 1 in Poison Magic
  1955 | D:3      | Noticed Ijyb
  1981 | D:3      | Killed Ijyb
  1982 | D:3      | Reached XP level 5. HP: 29/47 MP: 6/6
  2927 | D:4      | Found Imim Qausk's Distillery.
  2939 | D:4      | Bought a potion of degeneration for 10 gold pieces
  2970 | D:4      | Reached XP level 6. HP: 49/53 MP: 8/8
  3021 | D:4      | Found a staircase to the Ecumenical Temple.
  3038 | D:4      | Noticed Menkaure
  3042 | D:4      | Reached skill level 5 in Long Blades
  3553 | D:4      | Killed Menkaure
  3554 | D:4      | Reached XP level 7. HP: 47/59 MP: 10/10
  3571 | Temple   | Entered the Ecumenical Temple
  3926 | Temple   | Became a worshipper of Warmaster Okawaru
  4203 | D:4      | Found Botz's Assorted Antiques.
  4228 | D:4      | Found Kicsusm's Jewellery Emporium.
  4351 | D:5      | Entered Level 5 of the Dungeon
  4646 | D:5      | Reached * piety under Okawaru
  4647 | D:5      | Reached XP level 8. HP: 67/67 MP: 12/12
  4973 | D:5      | Noticed a shadow
  4989 | D:5      | Killed a shadow
  6456 | D:6      | Slain by an ogre

Illustrated notes

Levels and vault maps discovered:
D:1:      dpeg_arrival_shrine, layout_basic, ebering_ecumenical_altar_webs
D:2:      layout_rooms
D:3:      layout_loops_corners, hangedman_decor_push, minmay_strange_pillars,
          uniq_ijyb
D:4:      layout_rooms, temple_fountains, serial_shops,
          nicolae_shop_behind_doors, shop, kennysheep_mini_moat, uniq_menkaure
D:5:      cheibrodos_quashed, layout_cave_pools, kennysheep_generic_room_3
D:6:      minmay_bubble_buster, layout_basic, minmay_starry_boxes
Temple:   mainiacjoe_temple_hex_bubbles

Skill      XL: |  1  2  3  4  5  6  7  8 |
---------------+-------------------------+-----
Invocations    | 1 2 3 4 |  4.0
Short Blades   | 1 2 3 |  3.6
Axes           | 1 2 3 |  3.6
Maces & Flails | 1 2 3 |  3.6
Polearms       | 1 2 3 |  3.6
Staves         | 1 2 3 |  3.6
Slings         | 1 2 3 |  3.6
Bows           | 1 2 3 |  3.6
Crossbows      | 1 2 3 |  3.6
Throwing       | 1 2 3 |  3.6
Dodging        | 1 2 3 |  3.6
Stealth        | 1 2 3 |  3.6
Unarmed Combat | 1 2 3 |  3.6
Spellcasting   | 1 2 3 |  3.6
Evocations     | 1 2 3 |  3.6
Conjurations   | 1 2 3 |  3.0
Hexes          | 1 2 3 |  3.0
Summonings     | 1 2 3 |  3.0
Necromancy     | 1 2 3 |  3.0
Translocations | 1 2 3 |  3.0
Transmutations | 1 2 3 |  3.0
Fire Magic     | 1 2 3 |  3.0
Ice Magic      | 1 2 3 |  3.0
Air Magic      | 1 2 3 |  3.0
Earth Magic    | 1 2 3 |  3.0
Poison Magic   | 1 2 3 |  3.0
Long Blades    | 5 |  5.9
Fighting       | 7 |  7.5
Armour         | 7 |  7.5
Shields        | 7 |  7.5

Action                   |  1- 3 |  4- 6 |  7- 9 || total
-------------------------+-------+-------+-------++-------
Melee: Long sword        |   117 |    32 |       ||   149
       Bite              |     8 |    18 |    21 ||    47
       Dagger            |       |    43 |       ||    43
       Trident           |       |    38 |   176 ||   214
       War axe           |       |       |    51 ||    51
  Use: Scroll            |       |       |     6 ||     6
Armor: Scale mail        |    73 |    32 |    90 ||   195
Dodge: Dodged            |    56 |    41 |    85 ||   182
Block: Buckler           |    47 |    25 |     3 ||    75
       Kite shield       |       |       |   119 ||   119

Table legend: (Time is in decaauts)
 A = Elapsed time spent in this place.
 B = Non-inter-level travel time spent in this place.
 C = Inter-level travel time spent in this place.
 D = Time resting spent in this place.
 E = Time spent auto-exploring this place.
 F = Levels seen in this place.
 G = Mean time per level.
                   A        B        C        D        E       F      G
               +--------+--------+--------+--------+--------+-----+--------+
         Total |   6564 |   6245 |    319 |   1165 |   3984 |   7 |  937.7 |
       Dungeon |   6175 |   5998 |    177 |   1165 |   3745 |   6 | 1029.2 |
        Temple |    388 |    247 |    141 |      0 |    239 |   1 |  388.0 |
               +--------+--------+--------+--------+--------+-----+--------+

Top non-repeatable levels by time:
     D:3: 1691 daAuts
     D:5: 1659 daAuts
     D:1: 1237 daAuts
     D:4: 796 daAuts
     D:2: 502 daAuts
  Temple: 388 daAuts
     D:6: 289 daAuts
